 Dungeon Crawl Stone Soup version 0.28-a0-422-gd71735cc25 (webtiles) character file.

Game seed: 17495346286634423582

454 heikuro the Shield-Bearer (level 7, -1/55 HPs)
             Began as a Formicid Fighter on Sept 9, 2021.
             Was a Follower of Okawaru.
             Slain by an orc (4 damage)
             ... on level 5 of the Dungeon.
             The game lasted 00:08:12 (6060 turns).

heikuro the Shield-Bearer (Formicid Fighter)        Turns: 6060, Time: 00:08:13

Health: -1/55      AC: 10    Str: 22    XL:     7   Next: 26%
Magic:  8/8        EV:  8    Int:  8    God:    Okawaru [*.....]
Gold:   172        SH:  5    Dex: 10    Spells: 6/6 levels left

rFire   + . .      SeeInvis +   a - +0 long sword
rCold   + . .      Faith    .   c - +0 buckler
rNeg    . . .      Spirit   .   h - +0 chain mail
rPois   .          Reflect  .   (helmet unavailable)
rElec   .          Harm     .   l - scarf {rC+ rF+}
rCorr   .          Rampage  .   y - +0 pair of gloves
Will    .....                   (no boots)
Stlth   ..........              (no amulet)
HPRegen 0.18/turn               (no ring)
MPRegen 0.11/turn               (no ring)

@: mighty, brilliant, lethally poisoned (-1 -> -12)
A: permanent stasis, dig shafts and tunnels, antennae 3, four strong arms
a: Dig, Shaft Self, Renounce Religion, Heroism


You were on level 5 of the Dungeon.
You worshipped Okawaru.
Okawaru was aware of your devotion.
You visited 2 branches of the dungeon, and saw 6 of its levels.
You also visited: Sewer.

You collected 172 gold pieces.

Inventory:

Hand Weapons
 a - a +0 long sword (weapon)
Missiles
 i - 19 poisoned darts (quivered)
Armour
 c - a +0 buckler (worn)
 h - a +0 chain mail (worn)
 l - a scarf of resistance (worn)
 o - a +0 cloak
 y - a +0 pair of gloves (worn)
Jewellery
 j - a ring of wizardry
 q - a ring of ice
Wands
 x - a wand of iceblast (7)
Scrolls
 b - a scroll of torment {unknown}
 f - a scroll of immolation {unknown}
 g - 2 scrolls of magic mapping {unknown}
 n - a scroll of silence {unknown}
 p - 2 scrolls of identify {unknown}
 t - a scroll of enchant weapon {unknown}
 u - a scroll of fear {unknown}
 z - a scroll of noise {unknown}
Potions
 d - a potion of might
 m - 4 potions of flight
 r - a potion of mutation {unknown}
 s - a potion of attraction {unknown}
 v - a potion of heal wounds {unknown}
 w - a potion of magic {unknown}


   Skills:
 + Level 4.6 Fighting
 * Level 4.8 Long Blades
 + Level 4.6 Armour
 + Level 5.1 Shields
 + Level 1.5 Invocations


You had 6 spell levels left.
You didn't know any spells.
Your spell library contained the following spells:

 Spells                   Type           Power      Damage    Failure   Level
 Static Discharge         Conj/Air       0%         N/A       99%         2
 Lightning Bolt           Conj/Air       0%         1d11      100%        5
 Maxwell's Capacitive Co  Air            0%         ∞         100%        8


Dungeon Overview and Level Annotations

Branches:
Dungeon (5/15)             Temple (1/1) D:4           Sewer (visited)

Altars:
Ashenzari
Cheibriados
Dithmenos
Elyvilon
Fedhas
Kikubaaqudgha
Makhleb
Nemelex Xobeh
Okawaru
Qazlal
Ru
Sif Muna
Trog
Uskayaw
Vehumet
Wu Jian
Xom
Yredelemnul
Zin
The Shining One

Shops:
D:4 ![[

Annotations:
D:4 3 runed translucent doors, robertstho's ghost, novice DjFE


Innate Abilities, Weirdness & Mutations

You cannot be hasted, slowed, berserked, paralysed or teleported.
You can dig through walls and to a lower floor.
You have a pair of large antennae on your head. (SInv)
Your four strong arms can wield two-handed weapons with a shield.


Message History

You feel sick. The orc hits you but does no damage.
You are more poisoned.
The ice beast hits you but does no damage.
You slash the orc wizard!
You kill the orc wizard!
Okawaru accepts your kill.
You feel very sick. The orc barely misses you.
The ice beast hits you but does no damage.
The orc hits you with a +1 mace of venom!
You are lethally poisoned!
Unknown command.
Press: ? - help, v - describe, . - travel
Here: an orc, wielding a +1 mace of venom and quivering boomerangs The floor.
Unknown command.
You are too confused!
Okay, then.
You feel very mighty all of a sudden.
You feel extremely sick.
The ice beast hits you but does no damage.
The orc closely misses you. The orc hits you with a +0 club.
The orc barely misses you.
Unknown command.
* * * LOW HITPOINT WARNING * * *
You feel very sick. The ice beast completely misses you.
The orc barely misses you.
It was a potion of brilliance.
You feel clever all of a sudden.
You feel less confused.
* * * LOW HITPOINT WARNING * * *
You feel very sick. The ice beast barely misses you.
The orc hits you with a +0 hand axe.
* * * LOW HITPOINT WARNING * * *
The orc completely misses you.
It was a potion of haste.
Your stasis prevents you from being hasted.
* * * LOW HITPOINT WARNING * * *
You feel very sick. The ice beast barely misses you.
The orc hits you with a +0 hand axe.
You die...

##.####..###......#
......<...........##
....)..W...........#
....)..............
{
#####.##o##.##....#
...##'##.#####....##
................)..#
...............Yoo.#
{
...............o@.##
............).....#
.>...###....##....#
##### #....##....#
#.............
#..............
+..............
##.....##....##.
#.....# ....#


You could see an ice beast and 3 orcs.

Vanquished Creatures
  A water moccasin skeleton (D:4)
  2 hounds (D:4)
  A centaur skeleton (D:5)
  Terence (D:3)
  An orc wizard (D:5)
  A merfolk siren (Sewer)
  A merfolk avatar (Sewer)
  A hound skeleton (D:5)
  2 adders
  5 river rats
  A worm (D:2)
  A dart slug (D:1)
  11 orcs
  6 endoplasms (D:2)
  8 giant cockroaches
  4 goblins
  15 hobgoblins
  4 quokkas
  14 ball pythons
  3 bats
  6 frilled lizards
  5 kobolds
  22 rats
116 creatures vanquished.

Vanquished Creatures (others)
  An orc wizard (D:3)
1 creature vanquished.

Grand Total: 117 creatures vanquished

Notes
Turn   | Place    | Note
-------+----------+-------------------------------------------
     0 | D:1      | heikuro the Formicid Fighter began the quest for the Orb.
     0 | D:1      | Reached XP level 1. HP: 18/18 MP: 1/1
   108 | D:1      | Reached XP level 2. HP: 23/24 MP: 2/2
   546 | D:1      | Reached XP level 3. HP: 29/29 MP: 3/3
   756 | D:1      | Found a faded altar of an unknown god.
  1078 | D:2      | Reached skill level 4 in Shields
  1828 | D:2      | Reached XP level 4. HP: 36/37 MP: 4/4
  2326 | D:3      | You fall into a shaft and drop 1 floor!
  2326 | D:4      | Found a staircase to the Ecumenical Temple.
  2335 | Temple   | Entered the Ecumenical Temple
  2587 | Temple   | Became a worshipper of Warmaster Okawaru
  2840 | D:3      | Found a glowing drain.
  2852 | D:3      | Reached XP level 5. HP: 25/42 MP: 5/5
  2890 | Sewer    | Entered a sewer
  3557 | Sewer    | Reached XP level 6. HP: 47/48 MP: 6/6
  3967 | D:3      | Noticed Terence
  3986 | D:3      | Killed Terence
  4532 | D:4      | Found Kuineni's Antique Armour Shoppe.
  4647 | D:4      | Found a runed translucent gate.
  4648 | D:4      | Found a runed translucent gate.
  4660 | D:4      | Reached skill level 5 in Shields
  4660 | D:4      | Reached skill level 1 in Invocations
  4745 | D:4      | Found a sparkling altar of Nemelex Xobeh.
  4745 | D:4      | Found a snail-covered altar of Cheibriados.
  4852 | D:4      | Found a runed translucent gate.
  5220 | D:4      | Found Qoivaib's Antique Armour Shoppe.
  5417 | D:4      | Noticed robertstho's ghost (novice DjFE)
  5417 | D:4      | Noticed an ice beast
  5503 | D:4      | Found Socollos's Distillery.
  5676 | D:5      | Entered Level 5 of the Dungeon
  5709 | D:5      | Reached XP level 7. HP: 52/55 MP: 7/7
  5902 | D:4      | Reached * piety under Okawaru
  6060 | D:5      | Slain by an orc

Illustrated notes

Levels and vault maps discovered:
D:1:      arrival_zaba_pyramid, layout_loops_ring,
          chequers_ecumenical_altar_twisty, minmay_strange_pillars,
          minmay_splitting_lines, minmay_misc_feat_nine_boxes
D:2:      layout_basic, serial_curves, eino_curves_03, eino_curves_01,
          grunt_decor_mini_mirrors, minmay_fractal_squares_gapless_5
D:3:      layout_basic, portal_sewer_entry_a, uniq_terence
D:4:      layout_layer_cave, nicolae_overflow_hidden_temple,
          minmay_temple_entry_glass, serial_shops, shop_fountains,
          nicolae_lakefront_shop, nicolae_shop_window_shopping,
          gammafunk_ghost_icy
D:5:      layout_gridville
Temple:   dpeg_five_rooms_temple

Skill      XL: |  1  2  3  4  5  6 |
---------------+-------------------+-----
Shields        | 4 5 |  5.1
Long Blades    | 3 4 |  4.8
Fighting       | 4 |  4.6
Armour         | 4 |  4.6
Invocations    | 1 |  1.5

Action                   |  1- 3 |  4- 6 |  7- 9 || total
-------------------------+-------+-------+-------++-------
Melee: Long sword        |   120 |   248 |    30 ||   398
Throw: Dart              |       |     5 |       ||     5
 Abil: Dig               |       |     2 |       ||     2
  Use: Potion            |       |       |     3 ||     3
Armor: Scale mail        |    27 |       |       ||    27
       Chain mail        |    10 |   155 |    24 ||   189
Dodge: Dodged            |    61 |   110 |    21 ||   192
Block: Buckler           |    27 |    63 |    15 ||   105

Table legend: (Time is in decaauts)
 A = Elapsed time spent in this place.
 B = Non-inter-level travel time spent in this place.
 C = Inter-level travel time spent in this place.
 D = Time resting spent in this place.
 E = Time spent auto-exploring this place.
 F = Levels seen in this place.
 G = Mean time per level.
                   A        B        C        D        E       F      G
               +--------+--------+--------+--------+--------+-----+--------+
         Total |   6218 |   5919 |    299 |   1158 |   3428 |   7 |  888.3 |
       Dungeon |   4654 |   4385 |    269 |    583 |   2885 |   5 |  930.8 |
        Temple |    466 |    436 |     30 |      0 |    414 |   1 |  466.0 |
         Sewer |   1096 |   1096 |      0 |    575 |    129 |   1 | 1096.0 |
               +--------+--------+--------+--------+--------+-----+--------+

Top non-repeatable levels by time:
     D:4: 1498 daAuts
     D:2: 1271 daAuts
   Sewer: 1096 daAuts
     D:1: 1013 daAuts
     D:3: 624 daAuts
  Temple: 466 daAuts
     D:5: 245 daAuts
